 Dungeon Sprint DCSS version 0.19.4 (webtiles) character file.

33 TryAgain the Thaumaturge (level 7, -3/36 HPs)
             Began as a Deep Elf Air Elementalist on Feb 4, 2017.
             Was an Elder of Sif Muna.
             Slain by a blink frog (14 damage)
             ... in the Dungeon (Sprint VI: "Thunderdome").
             The game lasted 00:05:39 (257 turns).

TryAgain the Thaumaturge (Deep Elf Air Elementalist) Turns: 257, Time: 00:05:39

Health: -3/36      AC:  3    Str:  6    XL:     7   Next: 22%
Magic:  0/22       EV: 18    Int: 21    God:    Sif Muna [****..]
Gold:   250        SH:  0    Dex: 15    Spells: 5 memorised, 12 levels left

rFire  . . .     SeeInvis .     a - +0 hand axe (holy)
rCold  . . .     Gourm    .     n - +1 robe {rN+}
rNeg   + . .     Faith    .     (no shield)
rPois  .         Spirit   .     (no helmet)
rElec  .         Reflect  .     (no cloak)
rCorr  .         Harm     .     (no gloves)
MR     .....     NoTele   +     (no boots)
Stlth  ++++......               (no amulet)
                                (no ring)
                                (no ring)

@: no status effects
A: no striking features
a: Divine Energy, Channel Magic, Forget Spell, Renounce Religion


You were in the Dungeon.
You worshipped Sif Muna.
Sif Muna was greatly pleased with you.
You were not hungry.

You visited 1 branch You collected 250 gold pieces.

Inventory:

Hand Weapons
 a - a +0 hand axe of holy wrath (weapon)
 o - a +0 scythe
Armour
 n - a +1 robe of positive energy (worn)
Wands
 j - a wand of acid (0/15)
 k - a wand of iceblast (2/15)
Scrolls
 i - 4 scrolls of blinking
 l - 3 scrolls of fog
Potions
 d - a potion of curing
 e - 5 potions of heal wounds
 f - 4 potions of haste
 g - 2 potions of magic
 h - a potion of berserk rage
 m - a potion of resistance
Books
 b - a book of Air

   Spells                             Type                      Level
   a - Shock                          Conjuration/Air              1
   b - Swiftness                      Charms/Air                   2
   c - Repel Missiles                 Charms/Air                   2
   d - Static Discharge               Conjuration/Air              3
   e - Lightning Bolt                 Conjuration/Air              5
Comestibles
 c - a bread ration


   Skills:
 + Level 8.7 Dodging
 - Level 8.1 Stealth
 + Level 9.6 Spellcasting
 + Level 7.8 Conjurations
 - Level 5.4 Charms
 + Level 7.6 Air Magic


You had 12 spell levels left.
You knew the following spells:

 Your Spells              Type           Power        Failure   Level  Hunger
a - Shock                 Conj/Air       ####         1%          1    None
b - Static Discharge      Conj/Air       #####...     1%          3    None
c - Lightning Bolt        Conj/Air       #####.....   10%         5    ####...
d - Repel Missiles        Chrm/Air       #####.       1%          2    None
e - Swiftness             Chrm/Air       #####...     1%          2    None


Dungeon Overview and Level Annotations

Branches:
Dungeon (1/1)

Altars:
Cheibriados
Dithmenos
Fedhas
Gozag
Kikubaaqudgha
Makhleb
Okawaru
Qazlal
Ru
Sif Muna
Trog
Uskayaw
Vehumet
Xom
Yredelemnul
Zin
The Shining One
Beogh
Jiyva
Lugonu

Shops:
D *[%??*?*:[((!!!!


Message History

This wand has 2 charges left.
The bullfrog misses you.
Casting: Shock
Confirm with . or Enter, or press ? or * to list all spells.
Okay, then.
Casting: Shock
Confirm with . or Enter, or press ? or * to list all spells.
The bullfrog is struck by lightning.
The bullfrog is severely wounded.
The lightning arcs!
You are struck by lightning.
The lightning grounds out.
The bullfrog misses you. x2
Casting: Static Discharge
Confirm with . or Enter, or press ? or * to list all spells.
The bullfrog is struck by lightning.
The bullfrog is almost dead.
The lightning arcs!
You are struck by lightning.
The lightning grounds out.
The blink frog is struck by lightning.
The blink frog is lightly wounded.
The lightning grounds out.
The blink frog hits you. The bullfrog completely misses you.
The blink frog hits you!
You die...

######.8.........8.####
##∩.._....).###......___
###∩........8.# #.8.......
##.......[.....###.........
#⌠..........###...###......
#⌠..........# #.<.# #......
#⌠..........###...###.÷....
##.............###.....†...
###∩....F@..8.# #.8.......
##∩___.[F...###......___
######.8.........8.####
#⌠.).....[...⌠#
###.........### #........_#
#_......._# #_........#
#∩.......∩#


You could see a blink frog and a bullfrog.

Vanquished Creatures
  Prince Ribbit (D)
  Sigmund (D)
  Blork the orc (D)
  A bullfrog (D)
  3 orc wizards (D)
  Jessica (D)
  An ooze (D)
  3 orcs (D)
12 creatures vanquished.

Notes
Turn   | Place    | Note
-------+----------+-------------------------------------------
     0 | D        | TryAgain the Deep Elf Air Elementalist began the quest for the Orb.
     0 | D        | Reached XP level 1. HP: 10/10 MP: 6/6
     1 | D        | Found a burning altar of Makhleb.
     1 | D        | Found a basalt altar of Yredelemnul.
     2 | D        | Found a glowing silver altar of Zin.
     2 | D        | Found a shadowy altar of Dithmenos.
     3 | D        | Found a blossoming altar of Fedhas.
     3 | D        | Found a snail-covered altar of Cheibriados.
     4 | D        | Found Gotoicue's Distillery.
     4 | D        | Found an iron altar of Okawaru.
     4 | D        | Found a deep blue altar of Sif Muna.
     4 | D        | Found Qyl Vuog's Do-It-Yourself Clinic.
     5 | D        | Found Pyitaf's Distillery.
     5 | D        | Found Hamuw's Bottled Wisdom.
     5 | D        | Round 1.
     9 | D        | Found a glowing golden altar of the Shining One.
    15 | D        | Found a viscous altar of Jiyva.
    18 | D        | Became a worshipper of Sif Muna the Loreminder
    34 | D        | Noticed Sigmund
    34 | D        | Found Tiak's Weapon Rack.
    38 | D        | Killed Sigmund
    38 | D        | Reached * piety under Sif Muna
    38 | D        | Reached skill level 6 in Spellcasting
    38 | D        | Reached skill level 5 in Conjurations
    38 | D        | Reached skill level 5 in Air Magic
    38 | D        | Reached XP level 2. HP: 4/15 MP: 4/11
    38 | D        | Reached XP level 3. HP: 5/19 MP: 4/13
    38 | D        | Reached XP level 4. HP: 7/24 MP: 4/14
    38 | D        | Reached XP level 5. HP: 8/28 MP: 4/16
    39 | D        | Found an opulent altar of Gozag.
    39 | D        | Found a sacrificial altar of Ru.
    39 | D        | Found Iqiemext's Premium Goods.
    39 | D        | Found Jeimyar's Basic Armour.
    39 | D        | Found Yrremn's Miscellaneous Merchandise.
    48 | D        | Found a hide-covered altar of Uskayaw.
    49 | D        | Found a shimmering altar of Xom.
    56 | D        | Found a radiant altar of Vehumet.
    57 | D        | Found Pepnedich's Identification Station.
    58 | D        | Found Jeteanul's Advanced Armour.
    58 | D        | Found Cukony's Jewellery.
    59 | D        | Found a corrupted altar of Lugonu.
    59 | D        | Found Hasuvuic's Bee Food.
    63 | D        | Found a roughly hewn altar of Beogh.
    64 | D        | Found an ancient bone altar of Kikubaaqudgha.
    66 | D        | Found a stormy altar of Qazlal.
    67 | D        | Found Daiclito's Magic Scroll Shop.
    68 | D        | Found a bloodstained altar of Trog.
    68 | D        | Found Zupit's Staff Store.
    68 | D        | Found Ufoijei's Magic Scroll Shop.
    68 | D        | Found Jiuniamm's Must-Have Magic.
    89 | D        | Noticed Jessica
    91 | D        | Killed Jessica
    91 | D        | Reached ** piety under Sif Muna
    91 | D        | Reached skill level 7 in Spellcasting
   117 | D        | Learned a level 3 spell: Static Discharge
   123 | D        | Learned a level 5 spell: Lightning Bolt
   126 | D        | Learned a level 2 spell: Repel Missiles
   129 | D        | Learned a level 2 spell: Swiftness
   154 | D        | Arena points: 5 (+5) [x1]
   169 | D        | Round 2.
   178 | D        | Noticed Blork the orc
   184 | D        | Killed Blork the orc
   184 | D        | Reached XP level 6. HP: 21/32 MP: 12/18
   192 | D        | Reached skill level 8 in Spellcasting
   204 | D        | Reached *** piety under Sif Muna
   204 | D        | Reached skill level 1 in Charms
   206 | D        | Arena points: 33 (+28) [x2]
   228 | D        | Round 3.
   249 | D        | Noticed Prince Ribbit
   249 | D        | Noticed a blink frog
   255 | D        | Killed Prince Ribbit
   255 | D        | Reached **** piety under Sif Muna
   255 | D        | Reached skill level 9 in Spellcasting
   255 | D        | Reached skill level 5 in Charms
   255 | D        | Reached XP level 7. HP: 16/36 MP: 5/22
   257 | D        | Slain by a blink frog

Skill      XL: |  1  2  3  4  5  6 |
---------------+-------------------+-----
Dodging        | 6 7 8 |  8.7
Stealth        | 6 7 8 |  8.1
Spellcasting   | 6 7 9 |  9.6
Conjurations   | 5 6 7 |  7.8
Air Magic      | 5 6 7 |  7.6
Charms         | 5 |  5.4

Action                   |  1- 3 |  4- 6 |  7- 9 || total
-------------------------+-------+-------+-------++-------
Melee: Hand axe          |       |     1 |       ||     1
 Cast: Shock             |     3 |    30 |       ||    33
       Static Discharge  |       |       |     2 ||     2
Evoke: Wand              |     2 |     5 |     1 ||     8
Armor: Robe              |       |     1 |       ||     1
Dodge: Dodged            |       |     9 |     4 ||    13
